 Dungeon Crawl Stone Soup version 0.28.0-49-g6dfe1f597d (webtiles) character file.

Game seed: 6810864385962892834

74 CryoSword the Caller (level 4, -1/32 HPs)
             Began as a Gnoll Summoner on May 13, 2022.
             Slain by a gnoll
             ... wielding a +0 flail
              (12 damage)
             ... on level 2 of the Dungeon.
             The game lasted 00:02:29 (1934 turns).

CryoSword the Caller (Gnoll Summoner)               Turns: 1934, Time: 00:02:29

Health: -1/32      AC:  6    Str:  9    XL:     4   Next: 30%
Magic:  11/11      EV:  9    Int: 14    God:
Gold:   91         SH:  0    Dex: 13    Spells: 7/13 levels left

rFire   . . .      SeeInvis .   e - +4 halberd
rCold   . . .      Faith    .   (shield currently unavailable)
rNeg    . . .      Spirit   .   k - +0 scale mail
rPois   .          Reflect  .   (no helmet)
rElec   .          Harm     .   (no cloak)
rCorr   +          Rampage  .   (no gloves)
Will    .....                   (no boots)
Stlth   +.........              (no amulet)
HPRegen 0.10/turn               h - ring of resist corrosion
MPRegen 0.12/turn               (no ring)

@: no status effects
A: fangs 1, strong nose, distributed training
a: no special abilities


You were on level 2 of the Dungeon.
You visited 1 branch of the dungeon, and saw 2 of its levels.

You collected 91 gold pieces.

Inventory:

Hand Weapons
 e - a +4 halberd (weapon)
   (You found it on level 1 of the Dungeon)
Armour
 k - a +0 scale mail (worn)
   (You found it on level 2 of the Dungeon)
Jewellery
 h - a ring of resist corrosion (left hand)
   (You found it on level 1 of the Dungeon)
Scrolls
 c - a scroll of blinking {unknown}
 f - a scroll of magic mapping {unknown}
 g - 3 scrolls of fear {unknown}
Potions
 b - 2 potions of might {unknown}
 d - a potion of brilliance {unknown}
 i - a potion of curing {unknown}
 j - a potion of haste {unknown}


   Skills:
 + Level 1.1 Fighting
 + Level 1.1 Short Blades
 + Level 1.1 Long Blades
 + Level 1.1 Axes
 + Level 1.1 Maces & Flails
 + Level 1.1 Polearms
 + Level 1.1 Staves
 + Level 1.1 Slings
 + Level 1.1 Bows
 + Level 1.1 Crossbows
 + Level 1.1 Throwing
 + Level 1.1 Armour
 + Level 4.6 Dodging
 + Level 4.2 Stealth
 + Level 1.1 Shields
 + Level 1.1 Unarmed Combat
 + Level 5.0 Spellcasting
 + Level 0.8 Conjurations
 + Level 0.8 Hexes
 + Level 7.1 Summonings
 + Level 0.8 Necromancy
 + Level 0.8 Translocations
 + Level 0.8 Transmutations
 + Level 0.8 Fire Magic
 + Level 0.8 Ice Magic
 + Level 0.8 Air Magic
 + Level 0.8 Earth Magic
 + Level 0.8 Poison Magic
 + Level 1.2 Invocations
 + Level 1.1 Evocations


You had 7 spell levels left.
You knew the following spells:

 Your Spells              Type           Power      Damage    Failure   Level
a - Summon Small Mammal   Summ           92%        N/A       8%          1
b - Call Imp              Summ           23%        N/A       11%         2
c - Call Canine Familiar  Summ           23%        N/A       22%         3

Your spell library contained the following spells:

 Spells                   Type           Power      Damage    Failure   Level
 Summon Guardian Golem    Hex/Summ       14%        N/A       63%         3
 Summon Ice Beast         Ice/Summ       14%        N/A       95%         4
 Summon Lightning Spire   Summ/Air       14%        N/A       95%         4
 Frozen Ramparts          Ice            12%        1d3       96%         3
 Portal Projectile        Hex/Tloc       12%        N/A       96%         3
 Ice Form                 Ice/Tmut       6%         N/A       100%        4
 Leda's Liquefaction      Hex/Erth       3%         N/A       100%        4


Dungeon Overview and Level Annotations

Branches:
Dungeon (2/15)

Altars:
Sif Muna


Innate Abilities, Weirdness & Mutations

You have very sharp teeth.
Your uncanny sense of smell can sniff out nearby items.
Your experience applies equally to all skills.


Message History

The kobold shouts!
Reach: e) +4 halberd
Aim: a kobold, wielding a +0 dagger (about 55% to evade your +4 halberd)
You barely miss the kobold. The kobold closely misses you.
Reach: e) +4 halberd
Aim: a kobold, wielding a +0 dagger (about 55% to evade your +4 halberd)
You puncture the kobold!
You kill the kobold!
Reach: e) +4 halberd That would be overly suicidal.
Okay, then.
Unknown command.
g - 2 scrolls labelled POIR FAZOATOF (gained 1)
You see here a +0 dagger.
A rat comes into view.
A rat is nearby!
A rat is nearby!
A rat is nearby!
You reach to attack!
You hit the rat.
You kill the rat!
You have reached level 4!
You feel agile.
Found a stone staircase leading down.
A dart slug and a bat come into view.
Found 6 gold pieces.
The bat moves out of view.
A dart slug is nearby!
A dart slug is nearby!
You barely miss the bat. The bat hits you but does no damage. x2
You slash the bat!
You kill the bat!
No target in view!
No target in view!
No target in view!
A dart slug and a frilled lizard come into view.
Found a stone staircase leading down.
There are monsters nearby!
There are monsters nearby!
You hit the dart slug.
You bite the dart slug, but do no damage.
The frilled lizard hisses angrily.
The dart slug bites you but does no damage.
You slash the dart slug!
You kill the dart slug!
The frilled lizard bites you but does no damage.
You barely miss the frilled lizard. The frilled lizard barely misses you.
You barely miss the frilled lizard. The frilled lizard bites you.
The frilled lizard bites you but does no damage.
You slash the frilled lizard!
You kill the frilled lizard!
No target in view!
You see here a dart slug corpse.
A kobold comes into view. It is wielding a +0 dagger.
The kobold shouts!
A frilled lizard comes into view.
There are monsters nearby!
There are monsters nearby!
There are monsters nearby!
The kobold throws a stone.
The stone hits you.
You miss the frilled lizard. The frilled lizard bites you.
The kobold hits you with a +0 dagger.
The frilled lizard bites you but does no damage.
The kobold closely misses you.
You puncture the frilled lizard!
You kill the frilled lizard!
The kobold barely misses you.
You miss the kobold. You bite the kobold, but do no damage.
The kobold barely misses you.
You closely miss the kobold.
The kobold hits you but does no damage. x2
You slash the kobold!
You kill the kobold!
No target in view!
No target in view!
Things that are here:
a +0 dagger; a stone; a kobold corpse You now have 73 gold pieces (gained 6).
g - 3 scrolls labelled POIR FAZOATOF (gained 1)
You now have 85 gold pieces (gained 12).
There is a stone staircase leading down here.
You now have 91 gold pieces (gained 6).
A hobgoblin comes into view.
A hobgoblin is nearby!
A hobgoblin is nearby!
A hobgoblin is nearby!
The hobgoblin shouts!
You puncture the hobgoblin!
You kill the hobgoblin!
No target in view!
No target in view!
A gnoll comes into view. It is wielding a +0 club.
The gnoll shouts!
You hear a shout!
A gnoll comes into view. It is wielding a +0 spear.
There are monsters nearby!
There are monsters nearby!
A gnoll comes into view. It is wielding a +0 spear.
A gnoll comes into view. It is wielding a +0 flail.
The gnoll shouts! x2
The gnoll hits your quokka with a +0 club.
The gnoll closely misses your quokka.
Your quokka closely misses the gnoll.
Reach: e) +4 halberd
Aim: a gnoll, wielding a +0 club (ally target, about 42% to evade your +4 halberd)
You reach to attack!
You hit the gnoll.
Your bat hits the gnoll but does no damage.
Your quokka closely misses the gnoll.
The gnoll closely misses your quokka.
Reach: e) +4 halberd
Aim: a gnoll, wielding a +0 club (moderately wounded, ally target, about 42% to evade your +4 halberd)
You reach to attack!
You closely miss the gnoll.
Your bat hits the gnoll but does no damage.
Your quokka barely misses the gnoll.
The gnoll closely misses your quokka.
Your quokka bites the gnoll but does no damage.
The gnoll hits your quokka with a +0 club.
Reach: e) +4 halberd
Aim: a gnoll, wielding a +0 club (moderately wounded, ally target, about 42% to evade your +4 halberd)
You reach to attack!
You slash the gnoll!
Your bat hits the gnoll but does no damage.
Your bat closely misses the gnoll.
Your quokka closely misses the gnoll.
The gnoll barely misses your quokka.
Your quokka bites the gnoll but does no damage.
Reach: e) +4 halberd
Aim: a gnoll, wielding a +0 club (almost dead, ally target, about 42% to evade your +4 halberd)
You reach to attack!
You closely miss the gnoll.
Your bat barely misses the gnoll.
The gnoll barely misses your quokka. The gnoll closely misses your quokka.
Your quokka bites the gnoll.
The gnoll dies!
The gnoll hits you from afar with a +0 spear.
Your bat hits the gnoll. The gnoll closely misses you.
Your quokka barely misses the gnoll.
Reach: e) +4 halberd
Aim: a gnoll, wielding a +0 flail (about 42% to evade your +4 halberd)
You hit the gnoll.
Your bat closely misses the gnoll.
The gnoll barely misses you. The gnoll hits you but does no damage.
Your bat hits the gnoll but does no damage.
The gnoll hits your quokka with a +0 flail!
Your quokka dies!
Your quokka's corpse disappears in a puff of smoke!
The gnoll hits you from afar with a +0 spear!
The gnoll hits you from afar with a +0 spear.
* * * LOW HITPOINT WARNING * * *
Your bat barely misses the gnoll.
Your bat barely misses the gnoll.
Your bat hits the gnoll. The gnoll barely misses you.
Your bat completely misses the gnoll.
Your bat hits the gnoll. Your bat hits the gnoll.
A hobgoblin comes into view.
The hobgoblin shouts!
The gnoll hits you with a +0 flail!
* * * LOW HITPOINT WARNING * * *
Found a shimmering blue altar of Sif Muna.
There is a stone staircase leading up here.
The gnoll hits you with a +0 flail!
You die...

#.... ...._ #..... ##......
###### #..... #....... #...
#...<..####.#
#.......@g..#######
#.......###g.......
#............######
#.........#### ##...^.#..[####
### ..####...).##g#....# #<.
.........#.#..####.#########.#
...........g.## #............
......#....### ####.........


You could see a gnoll and a hobgoblin.

Vanquished Creatures
  2 adders (D:2)
  A dart slug (D:2)
  4 ball pythons (D:1)
  2 bats
  3 endoplasms
  3 giant cockroaches (D:1)
  4 hobgoblins
  3 kobolds (D:2)
  A quokka (D:1)
  2 frilled lizards (D:2)
  5 rats
30 creatures vanquished.

Vanquished Creatures (collateral kills)
  A gnoll (D:2)
  A ball python (D:1)
  3 endoplasms (D:1)
  A giant cockroach (D:1)
  2 hobgoblins (D:1)
  2 goblins (D:1)
  2 kobolds (D:1)
12 creatures vanquished.

Grand Total: 42 creatures vanquished

Notes
Turn   | Place    | Note
-------+----------+-------------------------------------------
     0 | D:1      | CryoSword the Gnoll Summoner began the quest for the Orb.
     0 | D:1      | Reached XP level 1. HP: 13/13 MP: 6/6
   346 | D:1      | Reached XP level 2. HP: 11/19 MP: 4/7
   516 | D:1      | Found a faded altar of an unknown god.
   961 | D:1      | Reached XP level 3. HP: 25/25 MP: 9/9
   964 | D:1      | Learned a level 2 spell: Call Imp
   968 | D:1      | Learned a level 3 spell: Call Canine Familiar
  1007 | D:1      | Reached skill level 5 in Spellcasting
  1407 | D:2      | Reached skill level 1 in Invocations
  1504 | D:2      | Reached skill level 1 in Fighting
  1504 | D:2      | Reached skill level 1 in Short Blades
  1504 | D:2      | Reached skill level 1 in Long Blades
  1504 | D:2      | Reached skill level 1 in Axes
  1504 | D:2      | Reached skill level 1 in Maces & Flails
  1504 | D:2      | Reached skill level 1 in Polearms
  1504 | D:2      | Reached skill level 1 in Staves
  1504 | D:2      | Reached skill level 1 in Slings
  1504 | D:2      | Reached skill level 1 in Bows
  1504 | D:2      | Reached skill level 1 in Crossbows
  1504 | D:2      | Reached skill level 1 in Throwing
  1504 | D:2      | Reached skill level 1 in Armour
  1504 | D:2      | Reached skill level 1 in Shields
  1504 | D:2      | Reached skill level 1 in Unarmed Combat
  1504 | D:2      | Reached skill level 1 in Evocations
  1715 | D:2      | Reached XP level 4. HP: 32/32 MP: 11/11
  1931 | D:2      | Found a shimmering blue altar of Sif Muna.
  1934 | D:2      | Slain by a gnoll

Illustrated notes

Levels and vault maps discovered:
D:1:      denvon_arrival_planthouse, layout_basic, basic_ecumenical_altar
D:2:      layout_rooms, basic_altar, minivault_25

Skill      XL: |  1  2  3 |
---------------+----------+-----
Spellcasting   | 5 |  5.0
Invocations    | 1 |  1.2
Fighting       | 1 |  1.1
Short Blades   | 1 |  1.1
Long Blades    | 1 |  1.1
Axes           | 1 |  1.1
Maces & Flails | 1 |  1.1
Polearms       | 1 |  1.1
Staves         | 1 |  1.1
Slings         | 1 |  1.1
Bows           | 1 |  1.1
Crossbows      | 1 |  1.1
Throwing       | 1 |  1.1
Armour         | 1 |  1.1
Shields        | 1 |  1.1
Unarmed Combat | 1 |  1.1
Evocations     | 1 |  1.1
Dodging        | |  4.6
Stealth        | |  4.2
Conjurations   | |  0.8
Hexes          | |  0.8
Summonings     | |  7.1
Necromancy     | |  0.8
Translocations | |  0.8
Transmutations | |  0.8
Fire Magic     | |  0.8
Ice Magic      | |  0.8
Air Magic      | |  0.8
Earth Magic    | |  0.8
Poison Magic   | |  0.8

Action                   |  1- 3 |  4- 6 || total
-------------------------+-------+-------++-------
Melee: Unarmed           |     6 |       ||     6
       Whip              |     5 |       ||     5
       Bite              |     2 |     2 ||     4
       Halberd           |    36 |    18 ||    54
 Cast: Summon Small Mamm |    18 |     2 ||    20
       Call Imp          |     1 |       ||     1
       Call Canine Famil |     1 |       ||     1
 Stab: Sleeping          |     9 |       ||     9
       Distracted        |     1 |       ||     1
Armor: Robe              |     5 |       ||     5
       Scale mail        |     7 |     9 ||    16
Dodge: Dodged            |    24 |     7 ||    31
